 Dungeon Crawl Stone Soup version 0.24.0-1-gfbc8707 (webtiles) character file.

Game seed: 15812611066500369707, levelgen mode: deterministic

131 gilim the Shield-Bearer (level 5, 0/33 HPs)
             Began as a Gargoyle Fighter on Nov 9, 2019.
             Slain by RedSky's ghost (1 damage)
             ... on level 3 of the Dungeon.
             The game lasted 00:07:53 (2316 turns).

gilim the Shield-Bearer (Gargoyle Fighter)          Turns: 2316, Time: 00:07:54

Health: 0/33       AC: 16    Str: 20    XL:     5   Next: 14%
Magic:  0/5        EV:  4    Int:  9    God:
Gold:   198        SH:  9    Dex:  9    Spells: 4/4 levels left

rFire    . . .     SeeInvis .   a - +0 war axe
rCold    . . .     Gourm    .   c - +0 shield
rNeg     + . .     Faith    .   l - +0 plate armour
rPois    ∞         Spirit   +   (no helmet)
rElec    +         Reflect  .   i - +0 cloak
rCorr    .         Harm     .   (no gloves)
MR       .....                  (no boots)
Stlth    ..........             q - amulet of guardian spirit
HPRegen  0.11/turn              (no ring)
MPRegen  0.09/turn              (no ring)

@: no status effects
A: negative energy resistance 1, electricity resistance, unbreathing,
petrification resistance, rot immunity, AC +4
a: no special abilities


You were on level 3 of the Dungeon.
You were very hungry.

You visited 1 branch of the dungeon, and saw 3 of its levels.

You collected 198 gold pieces.

Inventory:

Hand Weapons
 a - a +0 war axe (weapon)
Missiles
 s - 4 atropa-tipped darts (quivered)
Armour
 b - a +0 scale mail
 c - a +0 shield (worn)
 i - a +0 cloak (worn)
 l - a +0 plate armour (worn)
Jewellery
 q - an amulet of guardian spirit (around neck)
Scrolls
 g - 2 scrolls of remove curse {unknown}
 j - 2 scrolls of enchant weapon {unknown}
 k - 3 scrolls of identify {unknown}
 m - a scroll of magic mapping {unknown}
 p - 3 scrolls of immolation {unknown}
 r - a scroll of teleportation {unknown}
Potions
 d - a potion of might
 e - 2 potions of degeneration {unknown}
 h - a potion of agility {unknown}
 n - 2 potions of berserk rage {unknown}
 o - a potion of ambrosia {unknown}
 t - a potion of cancellation {unknown}
Comestibles
 f - 5 rations


   Skills:
 + Level 4.1 Fighting
 + Level 2.4 Axes
 - Level 3.9 Armour
 - Level 0.1 Dodging
 * Level 4.8 Shields


You had 4 spell levels left.
You didn't know any spells.
Your spell library was empty.

Dungeon Overview and Level Annotations

Branches:
Dungeon (3/15)

Altars:
Ru

Annotations:
D:3 RedSky's ghost, amateur VSHu


Innate Abilities, Weirdness & Mutations

You are resistant to torment.
Your stone body is resilient. (AC +4)
You are immune to poison.
You resist negative energy. (rN+)
You are resistant to electric shocks. (rElec)
You can survive without breathing.
You are immune to petrification.
You are immune to rotting.


Message History

* * * LOW HITPOINT WARNING * * *
Unknown command.
You hit RedSky's ghost.
RedSky's ghost is severely damaged.
RedSky's ghost says very slowly, "There's no hope."
You block RedSky's ghost's attack.
You closely miss RedSky's ghost.
RedSky's ghost is severely damaged.
RedSky's ghost hits you but does no damage. x2
You writhe in agony.
* * * LOW HITPOINT WARNING * * *
You closely miss RedSky's ghost.
RedSky's ghost is severely damaged.
RedSky's ghost hits you.
* * * LOW HITPOINT WARNING * * *
You miss RedSky's ghost.
RedSky's ghost is severely damaged.
RedSky's ghost hits you but does no damage.
You writhe in agony.
You die...

#.# #.#
#. # #.#
#. #.# #.
#.# #.
#.# #.
#.# #.
#.# #.
##.## #.
#.@.#
########.
##W##
.........
#.).#
.........
#♣8♣#
#########
###


You could see RedSky's ghost.

Vanquished Creatures
  Natasha (thrice) (D:2)
  An adder (D:2)
  A worm (D:2)
  A dart slug (D:1)
  A leopard gecko (D:1)
  An orc (D:3)
  A giant cockroach (D:2)
  7 hobgoblins
  4 kobolds
  A quokka (D:3)
  8 bats
  2 frilled lizards (D:1)
  6 goblins
  8 rats
45 creatures vanquished.

Notes
Turn   | Place    | Note
-------+----------+-------------------------------------------
     0 | D:1      | gilim the Gargoyle Fighter began the quest for the Orb.
     0 | D:1      | Reached XP level 1. HP: 14/14 MP: 1/1
   189 | D:1      | Reached XP level 2. HP: 16/19 MP: 2/2
   550 | D:1      | Reached XP level 3. HP: 19/23 MP: 3/3
  1225 | D:2      | Noticed Natasha
  1238 | D:2      | Killed Natasha
  1238 | D:2      | Reached XP level 4. HP: 14/28 MP: 4/4
  1239 | D:2      | Noticed Natasha
  1248 | D:2      | Killed Natasha
  1518 | D:2      | Found a sacrificial altar of Ru.
  1845 | D:2      | Noticed Natasha
  1850 | D:2      | Killed Natasha
  1850 | D:2      | Reached XP level 5. HP: 24/33 MP: 3/5
  2244 | D:3      | Found a runed translucent door.
  2245 | D:3      | Noticed RedSky's ghost (amateur VSHu)
  2315 | D:3      | HP: 1/33 [RedSky's ghost (1)]
  2316 | D:3      | Slain by RedSky's ghost

Levels and vault maps discovered:
D:1:      eino_arrival_cavern_a, layout_basic, minivault_5
D:2:      layout_basic, nicolae_overflow_crystal_walls, minmay_split_cup_small,
          uniq_natasha
D:3:      layout_loops_ring, gammafunk_ghost_grave, first_ration

Skill      XL: |  1  2  3  4 |
---------------+-------------+-----
Axes           | 2 |  2.4
Shields        | 4 |  4.8
Fighting       | 4 |  4.1
Armour         | |  3.9
Dodging        | |  0.1

Action                   |  1- 3 |  4- 6 || total
-------------------------+-------+-------++-------
Melee: War axe           |   118 |   108 ||   226
  Eat: Chunk             |     1 |     3 ||     4
Armor: Scale mail        |    42 |       ||    42
       Plate armour      |    52 |    80 ||   132
Dodge: Dodged            |    21 |    18 ||    39
Block: Shield            |    84 |    46 ||   130
